cohdb
Replays
Latest Replays
All Replays
Popular Replays
Top Player Replays
Match Explorer
How It Works
Community
CoH3 Stats
Reddit
Sign in to upload your games and track your stats! →
Sign in with Steam
Match 39210805
Unlisted
Match 39210805
Overview
Messages
Build Orders
End
250 Light Carrier
Panzergrenadier Squad
Panzergrenadier Squad
Panzergrenadier Squad
Construct Light Support Kompanie
Combat Half-tracks
Fire Support Elements
Pak 38 Mechanized Group
Selects Italian Infantry
Selects Guastatori Squad
Guastatori Squad
2.5-tonne Medical Truck
Construct Panzerarmee Kommand
Guastatori Squad
Walking Stuka Rocket Launcher
Selects Defensive Operations
Selects Prepared Positions
Selects Registered Artillery
Assault Grenadier Squad
★HAL-9000★☠
insane
dkluan92
AitorEdy
Ryanza
Masang
Беашел
szwed
0
0
Comments
sign in to comment!
No comments posted yet!